 Dungeon Crawl Stone Soup version 0.01-2087-gb5e28fc70b (webtiles) character file.

Game seed: 11455241982317829863, levelgen mode: deterministic

102 pasperui the Ducker (level 4, -1/41 HPs) Gnoll Demigod. Began on June 2, 2020. Slain by Sigmund ... wielding a +0 scythe (15 damage) ... on level 2 of the Dungeon. The game lasted 00:07:22 (1185 turns).

pasperui the Ducker (Gnoll Demigod)                 Turns: 1185, Time: 00:07:22

Health: -1/41      AC:  4    Str: 19    XL:     4 ^: 19
Magic:  12/12      EV: 16    Int: 17    God:
Gold:   75         SH:  0    Dex: 17    Spells: 12/13 levels left

rFire    . . .     Vision   .   a - +0 long sword
rCold    . . .     Gourm    .     - Unarmed
rNeg     . . .     Faith    .   b - +0 leather armour
rPois    .         Spirit   .   p - +0 helmet
rElec    .         Reflect  .   (no cloak)
rCorr    .         Harm     .   (no gloves)
MR       .....                  (no boots)
Stlth    +++.......             (no amulet)
HPRegen  0.23/turn              (no ring)
MPRegen  0.22/turn              (no ring)

@: lethally poisoned (-1 -> -3)
A: distributed training, fangs 1, high mp 1, strong nose
a: no special abilities


You were on level 2 of the Dungeon.
You were not hungry.

You visited 1 branch of the dungeon, and saw 2 of its levels.

You collected 75 gold pieces.

Inventory:

Weapons
 a - a +0 long sword (weapon)
 h - a +0 spear
 o - a +0 hunting sling
Armour
 b - a +0 leather armour (worn)
 m - a +0 plate armour of cold resistance
 p - a +0 helmet (worn)
Jewellery
 k - an uncursed ring of resist corrosion
Scrolls
 e - 3 scrolls of fog
 g - 5 scrolls of teleportation
 i - a scroll of blinking
 j - a scroll of random uselessness
 l - a scroll of immolation
 s - a scroll of amnesia
Potions
 f - 2 potions of brilliance
 n - a potion of might
 q - a potion of lignification
 r - a potion of resistance
Comestibles
 c - 3 chunks of flesh
 d - 6 rations


   Skills:
 + Level 4.6 Fighting
 + Level 1.1 Short Blades
 + Level 4.6 Long Blades
 + Level 1.1 Axes & Hammers
 + Level 1.1 Whips & Flails
 + Level 1.1 Polearms
 + Level 1.1 Maces & Staves
 + Level 1.1 Slings
 + Level 1.1 Bows
 + Level 1.1 Crossbows
   Level 0.0 Throwing
 + Level 1.1 Armour
 + Level 6.6 Dodging
 + Level 4.2 Stealth
 + Level 1.1 Shields
 + Level 1.1 Unarmed Combat
 + Level 5.1 Spellcasting
 + Level 0.8 Hexes
 + Level 0.8 Charms
 + Level 0.8 Summonings
 + Level 0.8 Necromancy
 + Level 0.8 Translocations
 + Level 0.8 Transmutations
 + Level 0.8 Fire Magic
 + Level 0.8 Ice Magic
 + Level 0.8 Air Magic
 + Level 0.8 Earth Magic
 + Level 0.8 Poison Magic
   Level 0.0 Invocations
 + Level 1.1 Evocations


You had 12 spell levels left.
You knew the following spells:

 Your Spells              Type           Power        Failure   Level  Hunger
a - Flame Tongue          Fire           7 (40)       11%         1    None

Your spell library contained the following spells:

 Spells                   Type           Power        Failure   Level  Hunger
 Blink                    Tloc           N/A          16%         2    #......
 Call Imp                 Summ           7 (100)      16%         2    #......
 Slow                     Hex            7 (100)      16%         2    #......
 Conjure Flame            Fire           7 (100)      32%         3    ###....
 Mephitic Cloud           Pois/Air       7 (100)      32%         3    ###....


Dungeon Overview and Level Annotations

Branches:
Dungeon (2/8)

Annotations:
D:2 Sigmund


Innate Abilities, Weirdness & Mutations

Your experience applies equally to all skills.
You have very sharp teeth.
You have an increased reservoir of magic. (+10% MP)
Your uncanny sense of smell can sniff out nearby items.


Message History

You kill the rat!
You hit something (2). x2; Your bite misses something.
Something barely misses you (0).
You hit something (3). You hit something but do no damage.
You hear some strange, mumbled words.
A sting appears from out of thin air!
The sting hits you (1).
You are poisoned.
You barely miss something. You hit something (2).
You feel sick. Something hits you (10)!
You barely miss something. You hit something (1). You hit something (3).
You hit something (1).
You hear some strange, mumbled words.
A sting appears from out of thin air!
The sting hits you but does no damage (0).
You are more poisoned.
Something hits you (9)!
You hit something (1). You closely miss something. You bite something (2).
You feel sick. Something hits you (15)!
You die...

...#.#......##.######..########
.......................>.......
.....#...##.##.######...#######
########.#..........#..........
###..#.......#...#####.#
#..#.......##..#
#..##††....##..# #......###)##
#..@...# #..# #.....$# #..#
#...†{.# #..# #......# #..##
#......# #...# ######## ##..#
#..## ##.÷# #..#


There were no monsters in sight!

Vanquished Creatures
  Terence (D:2)
  An adder (D:2)
  An ooze (D:2)
  2 dart slugs
  2 leopard geckos
  A giant cockroach (D:1)
  10 goblins
  4 hobgoblins
  3 jackals (D:2)
  12 bats
  6 frilled lizards
  6 kobolds
  12 rats
61 creatures vanquished.

Notes
Turn   | Place    | Note
-------+----------+-------------------------------------------
     0 | D:1      | pasperui the Gnoll Demigod began the quest for the Orb.
     0 | D:1      | Reached XP level 1. HP: 22/22 MP: 7/7
   137 | D:1      | Reached XP level 2. HP: 28/28 MP: 8/8
   407 | D:1      | Reached XP level 3. HP: 34/34 MP: 10/10
   638 | D:2      | Noticed Terence
   653 | D:2      | Killed Terence
   653 | D:2      | Reached skill level 5 in Spellcasting
   689 | D:1      | Reached XP level 4. HP: 41/41 MP: 12/12
   851 | D:2      | Reached skill level 1 in Short Blades
   851 | D:2      | Reached skill level 1 in Axes & Hammers
   851 | D:2      | Reached skill level 1 in Whips & Flails
   851 | D:2      | Reached skill level 1 in Polearms
   851 | D:2      | Reached skill level 1 in Maces & Staves
   851 | D:2      | Reached skill level 1 in Slings
   851 | D:2      | Reached skill level 1 in Bows
   851 | D:2      | Reached skill level 1 in Crossbows
   851 | D:2      | Reached skill level 1 in Armour
   851 | D:2      | Reached skill level 1 in Shields
   851 | D:2      | Reached skill level 1 in Unarmed Combat
   851 | D:2      | Reached skill level 1 in Evocations
  1010 | D:2      | Found a shattered altar of Ashenzari.
  1172 | D:2      | Noticed Sigmund
  1185 | D:2      | Slain by Sigmund

Levels and vault maps discovered:
D:1:      moated_graveyard_arrival, layout_basic
D:2:      layout_basic, kennysheep_little_box, serial_shops, shop, first_ration,
          uniq_terence, uniq_sigmund

Skill      XL: |  1  2  3  4 |
---------------+-------------+-----
Spellcasting   | 5 |  5.1
Short Blades   | 1 |  1.1
Axes & Hammers | 1 |  1.1
Whips & Flails | 1 |  1.1
Polearms       | 1 |  1.1
Maces & Staves | 1 |  1.1
Slings         | 1 |  1.1
Bows           | 1 |  1.1
Crossbows      | 1 |  1.1
Armour         | 1 |  1.1
Shields        | 1 |  1.1
Unarmed Combat | 1 |  1.1
Evocations     | 1 |  1.1
Fighting       | |  4.6
Long Blades    | |  4.6
Dodging        | |  6.6
Stealth        | |  4.2
Hexes          | |  0.8
Charms         | |  0.8
Summonings     | |  0.8
Necromancy     | |  0.8
Translocations | |  0.8
Transmutations | |  0.8
Fire Magic     | |  0.8
Ice Magic      | |  0.8
Air Magic      | |  0.8
Earth Magic    | |  0.8
Poison Magic   | |  0.8

Action                   |  1- 3 |  4- 6 || total
-------------------------+-------+-------++-------
Melee: Long sword        |    48 |    40 ||    88
       Unarmed           |    27 |    26 ||    53
       Bite              |     3 |     5 ||     8
 Stab: Sleeping          |     8 |     2 ||    10
  Eat: Chunk             |       |     1 ||     1
Armor: Leather armour    |     1 |    10 ||    11
Dodge: Dodged            |    43 |    49 ||    92
       Rpst.: Unarmed    |    14 |    14 ||    28
       Long sword        |    17 |    16 ||    33
